 Dungeon Crawl Stone Soup version 0.28-a0-1568-g77cbbf62ba (webtiles) character file.

Game seed: 4397542484009002444

53 Colgate the Grave Robber (level 3, 0/26 HPs)
             Began as a Hill Orc Necromancer on Jan 19, 2022.
             Killed from afar by Sigmund (5 damage)
             ... with a magic dart
             ... on level 2 of the Dungeon.
             The game lasted 00:08:13 (1130 turns).

Colgate the Grave Robber (Hill Orc Necromancer)     Turns: 1130, Time: 00:08:13

Health: 0/26       AC:  6    Str: 12    XL:     3   Next: 87%
Magic:  2/6        EV: 12    Int: 15    God:
Gold:   73         SH:  0    Dex: 11    Spells: 2/6 levels left

rFire   . . .      SeeInvis .   e - +0 short sword
rCold   . . .      Faith    .   c - orb {*channel}
rNeg    . . .      Spirit   .   a - +0 robe
rPois   .          Reflect  .   (no helmet)
rElec   .          Harm     .   (no cloak)
rCorr   .          Rampage  .   (no gloves)
Will    .....                   (no boots)
Stlth   ++........              (no amulet)
HPRegen 0.08/turn               b - +4 ring of protection
MPRegen 0.10/turn               (no ring)

@: hasted, studying Stealth, very quick
A: no striking features
a: no special abilities


You were on level 2 of the Dungeon.
You visited 1 branch of the dungeon, and saw 2 of its levels.

You collected 73 gold pieces.

Inventory:

Hand Weapons
 e - a +0 short sword (weapon)
Missiles
 f - 84 stones
 g - 12 arrows
Armour
 a - a +0 robe (worn)
 c - an orb of energy (worn)
Jewellery
 b - a +4 ring of protection (left hand)
Scrolls
 h - a scroll of brand weapon {unknown}
 i - 3 scrolls of blinking
 l - a scroll of identify {unknown}
Potions
 d - 2 potions of curing
 k - a potion of heal wounds {unknown}


   Skills:
 - Level 1.5 Dodging
 - Level 1.5 Stealth
 - Level 2.1 Spellcasting
 + Level 5.0 Necromancy


You had 2 spell levels left.
You knew the following spells:

 Your Spells              Type           Power      Damage    Failure   Level
a - Pain                  Necr           64%        1d7       2%          1
b - Vampiric Draining     Necr           16%        2d7       9%          3

Your spell library contained the following spells:

 Spells                   Type           Power      Damage    Failure   Level
 Animate Skeleton         Necr           32%        N/A       2%          1
 Animate Dead             Necr           8%         N/A       28%         4
 Agony                    Necr           16%        N/A       61%         5


Dungeon Overview and Level Annotations

Branches:
Dungeon (2/15)

Altars:

Annotations:
D:2 Natasha, Sigmund


Message History

An endoplasm comes into view.
Your magical contamination has completely faded away.
The endoplasm quivers.
The crimson imp blinks!
Found 2 fuming inky potions.
A bat comes into view.
The bat hits you but does no damage. The endoplasm closely misses you.
The bat closely misses you. The bat misses you.
Natasha wildly gestures.
Natasha's front paws start to glow.
Natasha wildly gestures.
Natasha glows brightly for a moment.
Natasha casts a spell at you. The magic dart hits you.
* * * LOW HITPOINT WARNING * * *
Found a ruby potion.
The bat hits you but does no damage. The bat hits you but does no damage.
Blink to where?
Press: ? - help, Dir - move target
Found 8 gold pieces.
As you read the scroll labelled HILUNNOYMI, it crumbles to dust.
It was a scroll of blinking.
Sigmund the Dreaded comes into view.
He is wielding a +0 scythe.
Sigmund shouts!
Sigmund closely misses you.
You barely miss Sigmund. The bat hits you but does no damage.
You hit Sigmund.
Sigmund is lightly wounded.
The bat hits you but does no damage. Sigmund closely misses you.
You hit Sigmund but do no damage.
Sigmund is lightly wounded.
The bat barely misses you. The bat hits you.
* * * LOW HITPOINT WARNING * * *
You hit Sigmund.
Sigmund is lightly wounded.
The bat barely misses you. Sigmund casts a spell at you.
The magic dart hits you.
You die...

#####
#...#
#.#.#####
#b#.....#
#@#.#..##
#@#b..#.#
#.#!$...#
#.#.....#
#.#....##
#.#....##
#.#.#...#
#.#.ยง#
#.b###


You could see Sigmund and a bat.

Vanquished Creatures
  Natasha (D:2)
  4 ball pythons (D:1)
  A bat (D:2)
  5 endoplasms
  2 giant cockroaches (D:1)
  2 goblins (D:1)
  A hobgoblin (D:1)
  2 quokkas
  A frilled lizard (D:1)
  4 kobolds (D:1)
  A rat (D:1)
24 creatures vanquished.

Vanquished Creatures (others)
  2 plants (D:2)
2 creatures vanquished.

Grand Total: 26 creatures vanquished

Notes
Turn   | Place    | Note
-------+----------+-------------------------------------------
     0 | D:1      | Colgate the Hill Orc Necromancer began the quest for the
                  | Orb.
     0 | D:1      | Reached XP level 1. HP: 14/14 MP: 3/3
   224 | D:1      | Reached XP level 2. HP: 18/20 MP: 4/4
   929 | D:1      | Reached XP level 3. HP: 25/26 MP: 3/5
  1046 | D:2      | Reached skill level 5 in Necromancy
  1069 | D:2      | Learned a level 3 spell: Vampiric Draining
  1079 | D:2      | Noticed Natasha
  1089 | D:2      | Killed Natasha
  1095 | D:2      | Noticed Natasha
  1123 | D:2      | Noticed Sigmund
  1130 | D:2      | Killed from afar by Sigmund

Illustrated notes

Levels and vault maps discovered:
D:1:      heliophobic_arrival_ceremonial_halls, layout_rooms, hex_intersection,
          minmay_misc_feat_cross
D:2:      layout_rooms, hellmonk_ecumenical_altar_heavens_door,
          minmay_misc_feat_rugged, chequers_big_river, minmay_tripent,
          uniq_sigmund, uniq_natasha

Skill      XL: |  1  2  3 |
---------------+----------+-----
Necromancy     | 5 |  5.0
Spellcasting   | 2 |  2.1
Dodging        | |  1.5
Stealth        | |  1.5

Action                   || total
-------------------------++-------
Melee: Unarmed           ||     7
       Dagger            ||     4
       Short sword       ||    16
 Cast: Pain              ||    40
       Vampiric Draining ||     1
  Use: Potion            ||     2
       Scroll            ||     1
 Stab: Sleeping          ||     1
Armor: Robe              ||     9
Dodge: Dodged            ||    25

Table legend: (Time is in decaauts)
 A = Elapsed time spent in this place.
 B = Non-inter-level travel time spent in this place.
 C = Inter-level travel time spent in this place.
 D = Time resting spent in this place.
 E = Time spent auto-exploring this place.
 F = Levels seen in this place.
 G = Mean time per level.
                   A        B        C        D        E       F      G
               +--------+--------+--------+--------+--------+-----+--------+
         Total |   1131 |   1109 |     22 |      0 |    880 |   2 |  565.5 |
       Dungeon |   1131 |   1109 |     22 |      0 |    880 |   2 |  565.5 |
               +--------+--------+--------+--------+--------+-----+--------+

Top non-repeatable levels by time:
     D:1: 979 daAuts
     D:2: 152 daAuts
